 Dungeon Crawl Stone Soup version bcrawl-1.19.2-6-g6a88ae04c9 (webtiles) character file.

Game seed: 1693736514133526778

119 Mrkan the Skirmisher (level 5, -9/57 HPs)
             Began as an Ogre Fighter on Dec 30, 2019.
             Was an Initiate of Fedhas.
             Mangled by an ogre
             ... wielding a +0 giant spiked club
              (24 damage)
             ... on level 3 of the Dungeon.
             The game lasted 00:04:14 (3372 turns).

Mrkan the Skirmisher (Ogre Fighter)                 Turns: 3372, Time: 00:04:14

Health: -9/57      AC:  3    Str: 23 (25) XL:     5   Next: 3%
Magic:  5/5        EV:  8    Int: 10      God:    Fedhas [......]
Gold:   128        SH:  8    Dex:  7 (8)  Spells: 4/4 levels left

rFire    . . .     SeeInvis .   a - +0 flail
rCold    . . .     Gourm    .   c - +0 shield
rNeg     . . .     Faith    .   b - +0 robe
rPois    .         Spirit   .   (helmet restricted)
rElec    .         Reflect  .   (no cloak)
rCorr    .         Harm     .   (gloves unavailable)
MR       .....                  (boots unavailable)
Stlth    +.........             (no amulet)
HPRegen  0.19/turn              (no ring)
MPRegen  0.09/turn              (no ring)

@: mighty
A: large, unfitting armour, tough skin 1
a: Fungal Bloom, Renounce Religion


You were on level 3 of the Dungeon.
You worshipped Fedhas.
Fedhas was noncommittal.
You were very hungry.

You visited 1 branch of the dungeon, and saw 3 of its levels.

You collected 128 gold pieces.

Inventory:

Hand Weapons
 a - a +0 flail (weapon)
Armour
 b - a +0 robe (worn)
 c - a +0 shield (worn)
Jewellery
 l - an uncursed amulet of magic regeneration {unknown}
 p - a +4 ring of dexterity {unknown}
Scrolls
 e - 2 scrolls of amnesia {unknown}
 j - 5 scrolls of identify
 k - a scroll of teleportation {unknown}
 m - 2 scrolls of enchant weapon {unknown}
 n - a scroll of magic mapping {unknown}
 r - 2 scrolls of fear {unknown}
 s - a scroll of noise {unknown}
Potions
 g - a potion of lignification {unknown}
 h - a potion of agility {unknown}
 i - a potion of heal wounds {unknown}
 o - a potion of flight {unknown}
 q - a potion of curing
 t - a potion of ambrosia {unknown}
Comestibles
 f - 2 rations {!d}


   Skills:
 + Level 5.0 Fighting
 * Level 4.6 Maces & Flails
 - Level 2.6 Dodging
 + Level 3.4 Shields


You had 4 spell levels left.
You didn't know any spells.
Your spell library was empty.

Dungeon Overview and Level Annotations

Branches:
Dungeon (3/12)

Altars:
Fedhas
Wu Jian
The Shining One


Innate Abilities, Weirdness & Mutations

You are too large for most types of armour.
You have tough skin. (AC +1)


Message History

It is a scroll of identify.
q - a potion of curing The orc hits you.
Okay, then.
Unknown command.
You hit the orc but do no damage. The orc barely misses you. The orc hits you.
You sock the orc!
You kill the orc!
Fedhas appreciates your composting.
Okay, then.
You feel very mighty all of a sudden.
The ogre hits you with a +0 giant spiked club!
The orc priest mumbles some strange prayers to Beogh against you.
Beogh smites you!
* * * LOW HITPOINT WARNING * * *
You thump the ogre!
The ogre is moderately wounded.
The ogre hits you with a +0 giant spiked club!!
You die...
Fedhas appreciates your contribution to the ecosystem.

### ##..# ##
##...##
###..####......
...........#
#.o...#
#.o.....#o#
#.......#O#
#....##.#@#
...... ..#.#
...... .##.#
....# ## #.#
.... #.# #.#
#.# #.# #.#


You could see an ogre and an orc priest.

Vanquished Creatures
  An orc wizard (D:3)
  A worm (D:2)
  4 dart slugs
  4 leopard geckos
  2 orcs (D:3)
  A giant cockroach (D:2)
  10 hobgoblins
  6 jackals
  4 quokkas (D:2)
  2 ball pythons (D:2)
  7 bats
  5 frilled lizards
  6 goblins
  9 kobolds
  4 rats (D:1)
66 creatures vanquished.

Notes
Turn   | Place    | Note
-------+----------+-------------------------------------------
     0 | D:1      | Mrkan the Ogre Fighter began the quest for the Orb.
     0 | D:1      | Reached XP level 1. HP: 24/24 MP: 1/1
   499 | D:1      | Reached XP level 2. HP: 29/32 MP: 2/2
   851 | D:1      | Reached XP level 3. HP: 26/40 MP: 3/3
  1059 | D:1      | Found a glowing golden altar of the Shining One.
  1845 | D:2      | HP: 2/40 [quokka (2)]
  1853 | D:2      | HP: 2/40 [jackal (1)]
  2199 | D:2      | Reached XP level 4. HP: 43/49 MP: 4/4
  2420 | D:2      | Found a blossoming altar of Fedhas.
  2423 | D:2      | Became a worshipper of Fedhas Madash
  2790 | D:2      | Found an ornate altar of the Wu Jian Council.
  3354 | D:3      | Noticed an ogre
  3367 | D:3      | Reached skill level 5 in Fighting
  3367 | D:3      | Reached XP level 5. HP: 48/57 MP: 5/5
  3372 | D:3      | Mangled by an ogre

Skill      XL: |  1  2  3  4 |
---------------+-------------+-----
Maces & Flails | 3 4 |  4.6
Shields        | 3 |  3.4
Fighting       | 5 |  5.0
Dodging        | |  2.6

Action                   |  1- 3 |  4- 6 || total
-------------------------+-------+-------++-------
Melee: Flail             |   168 |    79 ||   247
  Use: Potion            |     1 |     1 ||     2
       Scroll            |       |     1 ||     1
  Eat: Chunk             |     4 |     3 ||     7
Armor: Robe              |    78 |    18 ||    96
Dodge: Dodged            |    79 |    30 ||   109
Block: Shield            |    98 |    35 ||   133
